 Dungeon Crawl Stone Soup version 0.24-a0-769-g368c1644f8 (webtiles) character file.

Game seed: 2517148452320100653, levelgen mode: deterministic

450 Peloso the Covered (level 6, -4/56 HPs)
             Began as a Minotaur Fighter on Oct 4, 2019.
             Killed from afar by an orc wizard (9 damage)
             ... with a magic dart
             ... on level 6 of the Dungeon.
             The game lasted 00:04:33 (1887 turns).

Peloso the Covered (Minotaur Fighter)               Turns: 1887, Time: 00:04:36

Health: -4/56      AC: 13    Str: 26    XL:     6   Next: 74%
Magic:  5/5        EV:  6    Int:  5    God:
Gold:   174        SH: 10    Dex: 11    Spells: 5/5 levels left

rFire    . . .     SeeInvis .   a - +0 long sword
rCold    . . .     Gourm    .   c - +0 shield
rNeg     . . .     Faith    .   b - +0 chain mail
rPois    .         Spirit   .   (helmet restricted)
rElec    .         Reflect  .   k - +0 cloak
rCorr    .         Harm     .   r - +0 pair of gloves (curse)
MR       .....                  h - +0 pair of boots
Stlth    ..........             (no amulet)
HPRegen  0.18/turn              (no ring)
MPRegen  0.09/turn              (no ring)

@: mighty
A: retaliatory headbutt, horns 2
a: no special abilities


You were on level 6 of the Dungeon.
You were hungry.

You visited 1 branch of the dungeon, and saw 4 of its levels.

You collected 174 gold pieces.

Inventory:

Hand Weapons
 a - a +0 long sword (weapon)
Armour
 b - a +0 chain mail (worn)
 c - a +0 shield (worn)
 h - a +0 pair of boots (worn)
 k - a +0 cloak (worn)
 r - a cursed +0 pair of gloves (worn)
Wands
 l - a wand of scattershot (2)
Scrolls
 e - 2 scrolls of remove curse {unknown}
 g - a scroll of noise {unknown}
 i - 4 scrolls of identify {unknown}
 j - a scroll of magic mapping {unknown}
 n - 3 scrolls of immolation {unknown}
 o - a scroll of amnesia {unknown}
Potions
 m - 2 potions of mutation {unknown}
 p - a potion of curing
Comestibles
 f - 7 rations
 q - a chunk of flesh


   Skills:
 + Level 5.2 Fighting
 + Level 4.9 Long Blades
 + Level 5.6 Armour
 + Level 0.7 Dodging
 + Level 0.2 Stealth
 + Level 5.5 Shields


You had 5 spell levels left.
You didn't know any spells.
Your spell library was empty.

Dungeon Overview and Level Annotations

Branches:
Dungeon (3/15)

Altars:
Ashenzari
Sif Muna
Vehumet
Yredelemnul

Annotations:
D:3 2 runed translucent doors, terminal's ghost, amateur OpAs


Innate Abilities, Weirdness & Mutations

You reflexively headbutt those who attack you in melee.
You have a pair of horns on your head.


Message History

You barely miss the orc wizard. Your headbutt misses the orc wizard.
The orc wizard is severely wounded.
You block the orc wizard's attack.
The orc wizard hits you but does no damage.
You barely miss the orc wizard.
The orc wizard is severely wounded.
The orc wizard hits you but does no damage.
Unknown command.
You closely miss the orc wizard.
The orc wizard is severely wounded.
You block the orc wizard's attack.
The orc wizard hits you but does no damage.
Unknown command.
You are feeling hungry.
You closely miss the orc wizard.
The orc wizard is severely wounded.
The orc wizard hits you but does no damage.
The orc wizard points at you and mumbles some strange words.
The magic dart hits you!
You die...

.o. .... ....
..... .....##
....... #######
?......##.)...#
..(.....).)...#
......o@..)...#
#....####.....#
..## #.....# #
#######


You could see an orc wizard.

Vanquished Creatures
  Sigmund (D:3)
  An orc warrior (D:6)
  An orc priest (D:6)
  2 orc wizards (D:6)
  4 adders
  A shadow imp (D:6)
  A worm (D:3)
  A dart slug (D:1)
  2 leopard geckos
  3 orcs (D:3)
  7 bats
  5 giant cockroaches
  10 hobgoblins
  6 kobolds
  A quokka (D:3)
  2 frilled lizards
  3 goblins
  8 rats
  A spectral orc (D:2)
60 creatures vanquished.

Notes
Turn   | Place    | Note
-------+----------+-------------------------------------------
     0 | D:1      | Peloso the Minotaur Fighter began the quest for the Orb.
     0 | D:1      | Reached XP level 1. HP: 19/19 MP: 0/0
   238 | D:1      | Found a shattered altar of Ashenzari.
   278 | D:1      | Reached XP level 2. HP: 27/27 MP: 1/1
   663 | D:2      | Found a radiant altar of Vehumet.
   744 | D:2      | Reached XP level 3. HP: 33/33 MP: 2/2
   764 | D:2      | Found a shimmering blue altar of Sif Muna.
  1067 | D:2      | Reached XP level 4. HP: 40/41 MP: 3/3
  1071 | D:2      | Found a basalt altar of Yredelemnul.
  1280 | D:3      | Found a runed translucent door.
  1281 | D:3      | Noticed Sigmund
  1284 | D:3      | Noticed terminal's ghost (amateur OpAs)
  1327 | D:3      | Found a runed translucent door.
  1537 | D:3      | Killed Sigmund
  1537 | D:3      | Reached skill level 5 in Fighting
  1537 | D:3      | Reached skill level 5 in Armour
  1537 | D:3      | Reached XP level 5. HP: 24/48 MP: 4/4
  1585 | D:3      | Reached skill level 5 in Shields
  1623 | D:3      | Reached XP level 6. HP: 32/56 MP: 5/5
  1851 | D:3      | You fall into a shaft and drop 3 floors!
  1857 | D:6      | Noticed an orc warrior
  1868 | D:6      | Killed an orc warrior
  1887 | D:6      | Killed from afar by an orc wizard

Levels and vault maps discovered:
D:1:      nagdon_arrival_zigzag_paths, layout_basic,
          nicolae_ashenzari_panopticon
D:2:      layout_rooms, yredelemnul_forgotten_temple_becter,
          fiery_altar_vehumet, overflow_temple_1_default
D:3:      layout_rooms, ebering_ghost_sewer_f, uniq_sigmund
D:6:      kennysheep_big_flooded_room, layout_rooms,
          grunt_temple_overflow_champion_of_chaos, tso_oasis_becter,
          okawaru_metal_pillars_3

Skill      XL: |  1  2  3  4  5 |
---------------+----------------+-----
Shields        | 4 5 |  5.5
Armour         | 4 5 |  5.6
Fighting       | 4 5 |  5.2
Long Blades    | 3 4 |  4.9
Dodging        | |  0.7
Stealth        | |  0.2

Action                   |  1- 3 |  4- 6 || total
-------------------------+-------+-------++-------
Melee: Long sword        |    88 |    90 ||   178
       Headbutt          |    10 |    20 ||    30
  Use: Potion            |     2 |     2 ||     4
  Eat: Chunk             |       |     3 ||     3
Armor: Scale mail        |     4 |       ||     4
       Chain mail        |    48 |    55 ||   103
Dodge: Dodged            |    27 |    11 ||    38
Block: Shield            |    61 |    51 ||   112
       Rpst.: Long sword |    10 |     1 ||    11

Table legend:
 A = Non-vault XP
 B = Vault XP
 C = Vault XP percentage of total XP
 D = Non-vault monster count
 E = Vault monster count
 F = Vault count percentage of total count
                 A         B        C        D         E       F
            +---------+---------+-------+---------+---------+-------
      Total |     405 |     239 |  37.1 |      58 |       2 |   3.3
            +---------+---------+-------+---------+---------+-------
        D:1 |      29 |       0 |   0.0 |      16 |       0 |   0.0
        D:2 |      72 |       1 |   1.4 |      23 |       1 |   4.2
        D:3 |      44 |     238 |  84.4 |      14 |       1 |   6.7
        D:6 |     260 |       0 |   0.0 |       5 |       0 |   0.0
            +---------+---------+-------+---------+---------+-------
